 Dungeon Crawl Stone Soup version 0.18-a0-49-gd105b5a (webtiles) character file.

133 SlimeFever the Covered (level 4, -7/42 HPs)
             Began as a Deep Dwarf Fighter on Nov 6, 2015.
             Mangled by an ogre
             ... wielding a +0 giant spiked club
              (19 damage)
             ... on level 3 of the Dungeon.
             The game lasted 00:08:31 (1077 turns).

SlimeFever the Covered (Deep Dwarf Fighter)         Turns: 1077, Time: 00:08:32

Health: -7/42      AC: 10    Str: 22    XL:     4   Next: 94%
Magic:  4/4        EV:  8    Int:  9    God:
Gold:   62         SH:  9    Dex: 13    Spells: 0 memorised, 3 levels left

rFire  + . .     SeeInvis .     a - +0 war axe
rCold  . . .     Clarity  .     b - +0 scale mail
rNeg   . . .     SustAt   .     c - +0 shield
rPois  .         Gourm    .     (no helmet)
rElec  .         Spirit   .     u - +2 cloak
rCorr  .         Warding  .     (no gloves)
rMut   .         Stasis   .     (no boots)
MR     .....                    (no amulet)
Stlth  ..........               n - +3 ring of strength
                                s - ring of protection from fire

@: non-regenerating, not resistant to hostile enchantments, extremely unstealthy
A: damage resistance, recharge devices, sense surroundings 1, slow regeneration
3
a: Device Recharging


You were on level 3 of the Dungeon.
You were hungry.

You visited 1 branch of the dungeon, and saw 3 of its levels.

You collected 62 gold pieces.

Inventory:

Hand Weapons
 a - a +0 war axe (weapon)
Missiles
 h - 4 javelins (quivered)
 l - 53 arrows
Armour
 b - a +0 scale mail (worn)
 c - a +0 shield (worn)
 u - a +2 cloak (worn)
Jewellery
 k - an uncursed ring of magical power
 n - a +3 ring of strength (right hand)
 s - a ring of protection from fire (left hand)
Wands
 e - a wand of heal wounds (8)
Scrolls
 i - a scroll of identify
 t - a scroll of teleportation {unknown}
Potions
 d - a potion of might
 g - a potion of heal wounds {unknown}
 j - a potion of invisibility
 o - 2 potions of curing
 q - a potion of poison {unknown}
 r - 2 potions of cancellation
 v - a potion of lignification {unknown}
Comestibles
 f - a bread ration
 m - a beef jerky
 p - 2 meat rations


   Skills:
 + Level 3.3 Fighting
 * Level 3.2 Axes
 * Level 4.4 Armour
 + Level 1.3 Dodging
 + Level 3.6 Shields
 + Level 0.6 Evocations


You had 3 spell levels left.
You didn't know any spells.

Dungeon Overview and Level Annotations

Branches:
Dungeon (3/15)

Altars:
Qazlal
Trog


Innate Abilities, Weirdness & Mutations

You are resistant to damage.
You can recharge devices by infusing magical energy.
You passively map a small area around you.
You do not regenerate naturally.


Message History

The ooze closely misses you.
You slash the ooze!
You kill the ooze!
You slash the ogre!
The ogre is moderately wounded.
The ogre barely misses you.
You closely miss the ogre.
The ogre is moderately wounded.
The ogre hits you with a giant spiked club.
You slash the ogre!
The ogre is almost dead.
The ogre hits you with a giant spiked club!
You hit the ogre.
The ogre is almost dead.
The ogre hits you with a giant spiked club!
* * * LOW HITPOINT WARNING * * *
You barely miss the ogre.
The ogre is almost dead.
The ogre hits you with a giant spiked club!!
You die...

#...#..###. #.......... ,
#...# , #...# * , #...#* ,
#...#* .# #J.## * .###.####
##O###......(.#$..,
#########.@....# ....#....
#...........#### *..... .#*
#......)^.### ####.#.##.#
#......)..######....#..#.#
#..................†.....#
########..####.##.......###
#.## ##.#........(<# #.#
#..#.......##(.
##.####.###.........†


You could see an ogre and an ooze.

Vanquished Creatures
  A giant frog (D:3)
  3 adders (D:2)
  An ooze (D:3)
  A worm (D:2)
  2 giant geckos (D:2)
  2 giant cockroaches (D:2)
  2 goblins
  4 hobgoblins (D:1)
  2 jackals (D:2)
  5 kobolds
  4 bats
  A giant newt (D:3)
  4 rats
32 creatures vanquished.

Notes
Turn   | Place    | Note
--------------------------------------------------------------
     0 | D:1      | SlimeFever the Deep Dwarf Fighter began the quest for the Orb.
     0 | D:1      | Reached XP level 1. HP: 20/20 MP: 1/1
   376 | D:1      | Reached XP level 2. HP: 21/27 MP: 2/2
   475 | D:2      | Reached skill level 4 in Armour
   602 | D:2      | Reached XP level 3. HP: 22/33 MP: 3/3
   619 | D:2      | Found a stormy altar of Qazlal.
   814 | D:2      | Found a bloodstained altar of Trog.
   999 | D:3      | Noticed a giant frog
  1013 | D:3      | Killed a giant frog
  1013 | D:3      | Reached skill level 1 in Dodging
  1013 | D:3      | Reached XP level 4. HP: 34/42 MP: 4/4
  1062 | D:3      | Noticed an ogre
  1077 | D:3      | Mangled by an ogre

Vault maps used:
D:1:      minmay_arrival_three_doors
D:2:      old_standard_altar, trog_book
D:3:      zin_scriptorium, first_bread

Action                   |  1- 3 |  4- 6 || total
-------------------------+-------+-------++-------
Melee: War axe           |   115 |    10 ||   125
Evoke: Wand              |     2 |       ||     2
  Use: Scroll            |     6 |     1 ||     7
